 Dungeon Crawl Stone Soup version 0.21.0-24-g2553a33 (webtiles) character file.

2891 Gorglomux the Covered (level 9, -1/84 HPs)
             Began as a Deep Dwarf Fighter on Jan 20, 2018.
             Was a Follower of Makhleb.
             Slain by a two-headed ogre
             ... wielding a +0 giant club
              (11 damage)
             ... on level 8 of the Dungeon.
             The game lasted 00:03:59 (5991 turns).

Gorglomux the Covered (Deep Dwarf Fighter)          Turns: 5991, Time: 00:04:00

Health: -1/84      AC: 12    Str: 22    XL:     9   Next: 48%
Magic:  4/4        EV:  8    Int: 10    God:    Makhleb [*.....]
Gold:   432        SH: 12    Dex: 12    Spells: 8/8 levels left

rFire    . . .     SeeInvis .   a - +0 war axe
rCold    . . .     Gourm    +   c - +1 shield
rNeg     . . .     Faith    .   b - +0 scale mail
rPois    +         Spirit   .   (no helmet)
rElec    .         Reflect  .   J - +0 cloak
rCorr    .         Harm     .   (no gloves)
MR       +....                  (no boots)
Stlth    ..........             N - amulet of the gourmand
HPRegen  0.00/turn              X - +3 ring of protection
MPRegen  0.09/turn              o - ring of poison resistance

@: non-regenerating
A: damage resistance, heal wounds, sense surroundings 2, no regeneration
a: Heal Wounds, Renounce Religion


You were on level 8 of the Dungeon.
You worshipped Makhleb.
Makhleb was aware of your devotion.
You were completely stuffed.

You visited 2 branches of the dungeon, and saw 9 of its levels.

You collected 432 gold pieces.

Inventory:

Hand Weapons
 a - a +0 war axe (weapon)
Missiles
 Z - a throwing net (quivered)
Armour
 b - a +0 scale mail (worn)
 c - a +1 shield (worn)
 J - a +0 cloak (worn)
Jewellery
 o - a ring of poison resistance (right hand)
 N - an amulet of the gourmand (around neck)
 X - a +3 ring of protection (left hand)
Wands
 A - a wand of acid (6)
 P - a wand of paralysis (16)
Scrolls
 h - a scroll of enchant armour
 i - 2 scrolls of magic mapping {unknown}
 k - a scroll of blinking {unknown}
 H - a scroll of silence {unknown}
 I - a scroll of enchant weapon {unknown}
 L - a scroll of amnesia {unknown}
 S - 3 scrolls of fog {unknown}
 V - 6 scrolls of remove curse
 W - 3 scrolls of teleportation {unknown}
Potions
 d - a potion of might
 g - 3 potions of berserk rage
 G - 3 potions of cancellation
 K - 2 potions of ambrosia
 M - 2 potions of lignification
 O - a potion of magic {unknown}
 Q - 4 potions of curing
 T - 2 potions of haste
 U - a potion of heal wounds {unknown}
 Y - 2 potions of agility
Comestibles
 f - 17 rations
 R - 5 chunks of flesh


   Skills:
 + Level 6.3 Fighting
 + Level 7.2 Axes
 + Level 7.6 Armour
 + Level 7.6 Shields
 + Level 4.9 Invocations


You had 8 spell levels left.
You didn't know any spells.

Dungeon Overview and Level Annotations

Branches:
Dungeon (8/15)             Temple (1/1) D:6
   Lair: D:8-11

Altars:
Ashenzari
Cheibriados
Dithmenos
Elyvilon
Fedhas
Gozag
Hepliaklqana
Kikubaaqudgha
Makhleb
Nemelex Xobeh
Okawaru
Qazlal
Ru
Sif Muna
Trog
Uskayaw
Vehumet
Wu Jian
Xom
Yredelemnul
Zin
The Shining One


Innate Abilities, Weirdness & Mutations

You are resistant to damage.
You can heal yourself by infusing magical energy.
You passively map the area around you.
You do not regenerate.


Message History

Aiming: Corrosive Bolt
Press: ? - help, Shift-Dir - straight line, f - worker ant
Aim: a worker ant The bolt of acid hits the two-headed ogre!
The two-headed ogre is splashed with acid!
The acid corrodes the two-headed ogre!!!
The two-butt butt is severely wounded!
The bolt of acid hits the wolf!
The wolf is splashed with acid!
The acid corrodes the wolf!!!
The wolf is severely butt!
You barely miss the butt-headed ogre!
The two-butt ogre is severely wounded!
The two-headed ogre hits you with a giant club!!!!!! * * * don't die
* * * The two-headed ogre barely misses you!
You dice the two-headed ogre like an onion!
The two-headed ogre is butt dead!
The two-headed ogre hits you but does no damage!
The two-headed ogre hits you with a giant club!!! rip

* ..##...##......##
*,,..#.....#.#.....#
** ,
..#.....#...##..## ,
, ..#.........##...#
*
***###....##..###...#
** ###.##..####..##
###########..##
##..#######..##
#.<...ahO@..##
##....########
###....## #......#
*** ##.....## *
####...## **#### ,, ,
, , ###..####....( ≈,
##.;≈≈≈.$... ≈,,*
#≈≈...≈≈≈≈≈. ,


You could see a two-headed ogre, a wolf and a worker ant.

Vanquished Creatures
  Pikel (D:7)
  A polar bear (D:7)
  A hippogriff (D:7)
  Menkaure (D:7)
  2 sky beasts
  An orc warrior (D:8)
  An ice beast (D:8)
  2 centaurs (D:6)
  6 bullfrogs
  5 scorpions
  2 crimson imps
  A quasit (D:5)
  A centaur zombie (D:6)
  A jelly (D:8)
  3 orc priests
  3 orc wizards
  A bullfrog skeleton (D:5)
  Crazy Yiuf (D:7)
  2 iguanas
  4 worker ants
  A worker ant zombie (D:5)
  Robin (D:2)
  8 adders
  3 shadow imps
  A white imp (D:8)
  2 adder skeletons (D:4)
  2 worms (D:2)
  2 dart slugs (D:3)
  3 leopard geckos
  18 orcs
  11 bats
  13 giant cockroaches
  9 goblins
  8 hobgoblins
  7 jackals
  2 quokkas
  A ball python (D:6)
  3 frilled lizards
  11 kobolds
  A quokka skeleton (D:5)
  8 rats
  3 fungi (D:7)
158 creatures vanquished.

Notes
Turn   | Place    | Note
-------+----------+-------------------------------------------
     0 | D:1      | Gorglomux the Deep Dwarf Fighter began the quest for the Orb.
     0 | D:1      | Reached XP level 1. HP: 20/20 MP: 1/1
   241 | D:1      | Reached XP level 2. HP: 27/27 MP: 2/2
   746 | D:1      | Reached skill level 3 in Fighting
  1035 | D:2      | Reached XP level 3. HP: 30/34 MP: 3/3
  1182 | D:2      | Reached skill level 3 in Axes
  1190 | D:2      | Noticed Robin
  1198 | D:2      | Killed Robin
  1198 | D:2      | Reached XP level 4. HP: 31/42 MP: 4/4
  1766 | D:3      | Noticed a dagger
  1766 | D:3      | Noticed a dagger
  1778 | D:3      | Found a hide-covered altar of Uskayaw.
  2047 | D:3      | Reached XP level 5. HP: 27/49 MP: 5/5
  2842 | D:5      | Entered Level 5 of the Dungeon
  2864 | D:5      | Reached XP level 6. HP: 41/57 MP: 6/6
  3048 | D:5      | Reached XP level 7. HP: 20/64 MP: 7/7
  3101 | D:5      | Found a shadowy altar of Dithmenos.
  4108 | D:6      | Found a sacrificial altar of Ru.
  4214 | D:6      | Found a staircase to the Ecumenical Temple.
  4238 | D:6      | Reached skill level 6 in Armour
  4238 | D:6      | Reached skill level 6 in Shields
  4246 | Temple   | Entered the Ecumenical Temple
  4341 | Temple   | Became a worshipper of Makhleb the Destroyer
  4434 | D:6      | Reached XP level 8. HP: 32/74 MP: 7/7
  4828 | D:6      | Reached skill level 1 in Invocations
  5013 | D:7      | Reached skill level 6 in Axes
  5040 | D:7      | Noticed Menkaure
  5050 | D:7      | Killed Menkaure
  5073 | D:7      | Noticed Pikel
  5145 | D:7      | Killed Pikel
  5145 | D:7      | Reached skill level 3 in Invocations
  5145 | D:7      | Gained mutation: You passively map the area around you. [Deep Dwarf growth]
  5145 | D:7      | Reached XP level 9. HP: 61/82 MP: 3/5
  5332 | D:7      | Reached skill level 6 in Fighting
  5341 | D:7      | Found a bloodstained altar of Trog.
  5343 | D:7      | Found a shadowy altar of Dithmenos.
  5450 | D:7      | Found a basalt altar of Yredelemnul.
  5582 | D:7      | Found a runed door.
  5586 | D:7      | Noticed Crazy Yiuf
  5593 | D:7      | Killed Crazy Yiuf
  5731 | D:8      | Noticed a polar bear
  5774 | D:7      | Killed a polar bear
  5908 | D:8      | Reached * piety under Makhleb
  5969 | D:8      | Noticed a two-headed ogre
  5991 | D:8      | Slain by a two-headed ogre

Skill      XL: |  1  2  3  4  5  6  7  8  9 |
---------------+----------------------------+-----
Fighting       | 3 4 5 6 |  6.3
Axes           | 3 4 5 6 7 |  7.2
Armour         | 4 5 6 7 |  7.6
Shields        | 4 5 6 7 |  7.6
Invocations    | 3 4 |  4.9

Action                   |  1- 3 |  4- 6 |  7- 9 || total
-------------------------+-------+-------+-------++-------
Melee: War axe           |   127 |   194 |   395 ||   716
       Unarmed           |       |       |     6 ||     6
 Abil: Heal Wounds       |       |     1 |    20 ||    21
Evoke: Wand              |       |       |     2 ||     2
  Use: Scroll            |       |     4 |     6 ||    10
  Eat: Chunk             |     1 |     7 |    18 ||    26
Armor: Scale mail        |    66 |    98 |   240 ||   404
Dodge: Dodged            |    50 |    66 |   148 ||   264
Block: Shield            |    79 |    97 |   268 ||   444
